[Event "Schack-SM 2024: Mastarklassen"]
[Site "Fortnox Arena, Hejaregatan 5, Vaxjo, Sweden"]
[Date "2024.07.01"]
[Round "3.1"]
[White "Walinder, Lars"]
[Black "Liden, Tommy"]
[Result "1/2-1/2"]
[TimeControl "90 minutes for 40 moves + 30 minutes for the rest of the game + 30 seconds per move from move one."]
[WhiteTitle "FM"]
[WhiteElo "2233"]
[BlackElo "2123"]

1. c4 e6 2. Nc3 d5 3. e3 c6 4. Nf3 f5 5. g3 Nf6 6. cxd5 cxd5 7. Bg2 Nc6 8. O-O Be7 9. b3 O-O 10.
Bb2 b6 11. d3 Ba6 12. Ne2 Bd6 13. Ned4 Nxd4 14. Nxd4 Qe7 15. Qd2 Rac8 16. Rfc1 Bb4 17. Qd1 Qd7 18. a3 Bd6 19. Nf3 Rxc1 20.
Rxc1 Rc8 21. Bf1 Qe7 22. Rxc8+ Bxc8 23. Qa1 Nd7 24. Ne5 Nxe5 25. Bxe5 Qc7 1/2-1/2

[Event "Schack-SM 2024: Mastarklassen"]
[Site "Fortnox Arena, Hejaregatan 5, Vaxjo, Sweden"]
[Date "2024.07.01"]
[Round "3.2"]
[White "Ljung, Harald"]
[Black "Mardell, Jimmy"]
[Result "1-0"]
[TimeControl "90 minutes for 40 moves + 30 minutes for the rest of the game + 30 seconds per move from move one."]
[WhiteElo "2101"]
[BlackElo "2186"]

1. d4 d5 2. Nf3 Nf6 3. c4 c6 4. Qc2 dxc4 5. Qxc4 Bf5 6. g3 e6 7. Bg2 Be7 8. O-O O-O 9. Nc3 Nbd7 10.
a3 Ne4 11. Rd1 a5 12. Bf4 Nb6 13. Qa2 Nxc3 14. bxc3 Nd5 15. Bd2 Nf6 16. Ne5 a4 17. Qb2 Qc8 18. Bg5 h6 19. Bxf6 gxf6 20.
Nc4 Qc7 21. e4 Bg6 22. Rab1 b5 23. Ne3 Qd6 24. Ra1 Rab8 25. Qe2 f5 26. e5 Qc7 27. f4 Rfc8 28. h4 f6 29. Kh2 fxe5 30.
dxe5 Kh7 31. Qa2 Rd8 32. Qxe6 Rxd1 33. Rxd1 Rd8 34. h5 Bxh5 35. Nxf5 Bf8 36. Be4 Bg6 37. Ne7 Qxe7 38. Qxg6+ Kh8 39.
Rxd8 1-0

[Event "Schack-SM 2024: Mastarklassen"]
[Site "Fortnox Arena, Hejaregatan 5, Vaxjo, Sweden"]
[Date "2024.07.01"]
[Round "3.3"]
[White "Tuomainen, Felix"]
[Black "Bjorkman, Filip"]
[Result "0-1"]
[TimeControl "90 minutes for 40 moves + 30 minutes for the rest of the game + 30 seconds per move from move one."]
[WhiteTitle "FM"]
[WhiteElo "2255"]
[BlackElo "2116"]

1. d4 Nf6 2. Nf3 g6 3. Nbd2 d5 4. e3 Bg7 5. b3 c5 6. Bb2 cxd4 7. exd4 Nc6 8. Be2 O-O 9. O-O Ne4 10.
c4 Nxd2 11. Qxd2 Bg4 12. Rfd1 Re8 13. Qf4 Bxf3 14. Qxf3 e5 15. dxe5 d4 16. b4 Nxe5 17. Qb3 Qh4 18. Rab1 d3 19.
Bf3 Nxf3+ 20. gxf3 Re2 21. Rf1 Rxb2 22. Rxb2 Be5 23. f4 Qxf4 24. f3 d2 0-1

[Event "Schack-SM 2024: Mastarklassen"]
[Site "Fortnox Arena, Hejaregatan 5, Vaxjo, Sweden"]
[Date "2024.07.01"]
[Round "3.4"]
[White "Sundin, Emanuel"]
[Black "Mashhadi, Peyman"]
[Result "1/2-1/2"]
[TimeControl "90 minutes for 40 moves + 30 minutes for the rest of the game + 30 seconds per move from move one."]
[WhiteElo "2165"]
[BlackElo "2116"]

1. e4 e6 2. d4 d5 3. e5 c5 4. c3 Nc6 5. Nf3 Qb6 6. Bd3 cxd4 7. O-O Bd7 8. Re1 Nge7 9. h4 h6 10.
h5 dxc3 11. Nxc3 Nb4 12. Bf1 Nc8 13. a3 Nc6 14. Be3 Qd8 15. Rc1 Be7 16. Bd3 Nb6 17. Ne2 Na5 18. Bd4 Nac4 19. Nf4 Bc6 20.
Bg6 Qd7 21. Bxf7+ Kxf7 22. Qd3 Bf8 23. Qg6+ Kg8 24. Nxe6 Qf7 25. Nh4 Be8 26. Nxf8 Kxf8 27. Qg3 Qxh5 28. b3 Nd2 29. Qf4+ Kg8 30.
Nf5 Qg5 31. Qxg5 hxg5 32. Re3 g6 33. Nd6 Rh7 34. f3 g4 35. Rd1 gxf3 36. Rxd2 fxg2 37. Rxg2 Rh4 38. Bxb6 axb6 39. Nxe8 Rxe8 40. Rxg6+ Kf7 41. Rf6+ Ke7 42.
Rxb6 Rb8 43. Rg3 Re4 44. Rg7+ Kf8 45. Rh7 Kg8 46. Rhxb7 Rxb7 47. Rxb7 Rxe5 48. Kf2 Kf8 49. Kf3 Ke8 50.
Kf4 Re4+ 51. Kf5 Re3 52. a4 Kd8 53. a5 Kc8 54. Rb5 d4 55. a6 Re7 56. Rc5+ Kb8 57. b4 Ka7 58. b5 Kb6 59.
Rd5 d3 60. Kf6 Rh7 61. Rxd3 Kxb5 62. Ra3 Rh6+ 63. Ke7 Rxa6 64. Rxa6 Kxa6 1/2-1/2

[Event "Schack-SM 2024: Mastarklassen"]
[Site "Fortnox Arena, Hejaregatan 5, Vaxjo, Sweden"]
[Date "2024.07.01"]
[Round "3.5"]
[White "Ostensson, Julia"]
[Black "Nygren, David"]
[Result "0-1"]
[TimeControl "90 minutes for 40 moves + 30 minutes for the rest of the game + 30 seconds per move from move one."]
[WhiteElo "2004"]
[BlackElo "2132"]

1. e4 e6 2. d4 d5 3. Nc3 Bb4 4. exd5 exd5 5. Bd3 Nf6 6. Nge2 c5 7. dxc5 Bxc5 8. O-O Be6 9. Ng3 Nc6 10.
Nce2 Qd7 11. c3 h5 12. b4 Bb6 13. Nf4 h4 14. Nxe6 hxg3 15. Nxg7+ Kf8 16. Nf5 Bxf2+ 17. Rxf2 gxf2+ 18. Kxf2 Ne5 19. Bh6+ Kg8 20. h3 Nxd3+ 21. Qxd3 Ne4+ 22. Kg1 Qxf5 23. Rf1 Qe6 24. Be3 Rh5 25. Rf4 Kh7 26. c4 Re8 27.
cxd5 Qxd5 28. Qxd5 Rxd5 29. Rxf7+ Kg6 30. Rxb7 Nd6 0-1

[Event "Schack-SM 2024: Mastarklassen"]
[Site "Fortnox Arena, Hejaregatan 5, Vaxjo, Sweden"]
[Date "2024.06.30"]
[Round "2.4"]
[White "Lindborg, Patrik"]
[Black "Ljung, Harald"]
[Result "0-1"]
[TimeControl "90 minutes for 40 moves + 30 minutes for the rest of the game + 30 seconds per move from move one."]
[WhiteElo "2162"]
[BlackElo "2101"]

1. d4 d5 2. Nf3 Nf6 3. c4 e6 4. Nc3 Nbd7 5. cxd5 exd5 6. Bf4 c6 7. h3 Be7 8. e3 Nf8 9. Bd3 Ne6 10.
Be5 O-O 11. Qc2 g6 12. O-O Ng7 13. Rab1 Bf5 14. b4 a6 15. Nd2 Nd7 16. Bh2 b5 17. Nf3 Nb6 18. Ne5 Rc8 19. g4 Bxd3 20.
Qxd3 Bd6 21. e4 Ne6 22. exd5 cxd5 23. Ne2 f6 24. Nf3 Nc4 25. Bg3 Qc7 26. Kg2 Rce8 27. Nc3 Bxg3 28. fxg3 Qd6 29.
Rfe1 f5 30. g5 f4 31. g4 Ne3+ 32. Kh1 Rc8 33. Nd1 Nc4 34. h4 Rce8 35. h5 gxh5 36. gxh5 Ng7 37. Nf2 Re3 38. Qd1 Nxh5 39.
Ng4 Ng3+ 40. Kg2 Nf5 41. Nfe5 Rg3+ 42. Kh2 Nce3 43. Nxe3 Nxe3 44. Qh5 Nc2 45. Rg1 Nxd4 46. g6 hxg6 47.
Nxg6 Nf3+ 48. Kh1 Nxg1 49. Qh8+ Kf7 50. Ne5+ Ke6 0-1

[Event "Schack-SM 2024: Mastarklassen"]
[Site "Fortnox Arena, Hejaregatan 5, Vaxjo, Sweden"]
[Date "2024.06.30"]
[Round "2.5"]
[White "Liden, Tommy"]
[Black "Persson, Sebastian 2007"]
[Result "1-0"]
[TimeControl "90 minutes for 40 moves + 30 minutes for the rest of the game + 30 seconds per move from move one."]
[WhiteElo "2123"]
[BlackElo "2063"]

1. e4 d6 2. d4 Nf6 3. Nc3 g6 4.
Nf3 Bg4 5. h3 Bxf3 6. Qxf3 Nbd7 7. Bc4 Bg7 8. O-O O-O 9. Re1 e5 10. Be3 c6 11. a4 a5 12. Rad1 Qe7 13. Ba2 Rfd8 14.
dxe5 dxe5 15. Qe2 Nc5 16. Qc4 Ne6 17. Rxd8+ Qxd8 18. Qb3 Qe7 19. f3 Nh5 20. Ne2 Bf6 21. g3 Qd7 22. Kg2 Be7 23.
Nc1 Bc5 24. Qd3 Qe7 25. Bxe6 Bxe3 26. Bxf7+ Kxf7 27. Qxe3 Rd8 28. Nd3 b5 29. Ra1 b4 30. b3 c5 31. Rf1 c4 32. bxc4 Kg7 33.
Rf2 Rb8 34. Qc5 Qxc5 35. Nxc5 Rc8 36. Nb3 Rxc4 37. Nxa5 Rc3 38. Nb3 Kf7 39. a5 Ke7 40. Rd2 Nf6 41. Kf2 g5 42. Nc1 h5 43.
Nd3 g4 44. hxg4 hxg4 45. a6 Ra3 46. a7 Rxa7 47. Nxe5 Rc7 48. Nd3 gxf3 49. Kxf3 Rc3 50. e5 Nd7 51. Ke4 b3 52. cxb3 Rxb3 53.
g4 Ra3 54. Nf4 Ra5 55. Ng6+ Kf7 56. Kf5 Nf6 57. g5 Nh5 58. Rd7+ Kg8 59. Nf4 Ng7+ 60. Kf6 Ne8+ 61. Ke6 Ng7+ 62.
Kf6 Ne8+ 63. Kf5 Ng7+ 64. Kg6 Ra6+ 65. Rd6 Ra8 66. Ne6 Ne8 67. Rd8 Rxd8 68. Nxd8 Kf8 69. Nc6 Nc7 70. Kh7 Ke8 71.
g6 Ne6 72. g7 1-0

[Event "Schack-SM 2024: Mastarklassen"]
[Site "Fortnox Arena, Hejaregatan 5, Vaxjo, Sweden"]
[Date "2024.06.30"]
[Round "2.6"]
[White "Neretljak, Nedzad"]
[Black "Tuomainen, Felix"]
[Result "0-1"]
[TimeControl "90 minutes for 40 moves + 30 minutes for the rest of the game + 30 seconds per move from move one."]
[WhiteTitle "CM"]
[BlackTitle "FM"]
[WhiteElo "2048"]
[BlackElo "2255"]

1. e4 d5 2. e5 c5 3. b4 d4 4. Nf3 Bg4 5. h3 Bh5 6. Be2 e6 7. Bb2 Nc6 8. b5 Bxf3 9. Bxf3 Nxe5 10. Bxb7 Rb8 11. Ba6 Nf6 12. O-O Bd6 13. d3 O-O 14.
c4 Ne8 15. Bc1 Nc7 16. f4 Ng6 17. g3 Nxa6 18. bxa6 f5 19. Na3 e5 20. Nb5 exf4 21. Nxd6 Qxd6 22. Bxf4 Nxf4 23. Rxf4 Qxa6 24.
Qf3 Qb7 25. Qxb7 Rxb7 26. Raf1 Rbf7 27. Rb1 Re7 28. Rf3 Re2 29. Rb5 Rxa2 30. Rxc5 g6 31. Rd5 a5 32. Rxd4 a4 33. c5 Ra8 34.
Rc4 Kf7 35. c6 a3 36. Rf1 Rb2 37. c7 Rc8 38. g4 a2 39. gxf5 gxf5 40. Rf2 f4 41. Rfxf4+ Ke6 42. Rf1 Rb1 43.
Ra4 Rg8+ 44. Kf2 Rf8+ 45. Ke2 Rbxf1 46. c8=Q+ Rxc8 0-1

[Event "Schack-SM 2024: Mastarklassen"]
[Site "Fortnox Arena, Hejaregatan 5, Vaxjo, Sweden"]
[Date "2024.06.30"]
[Round "2.7"]
[White "Ostensson, Julia"]
[Black "Lind, Jan-Olov"]
[Result "1-0"]
[TimeControl "90 minutes for 40 moves + 30 minutes for the rest of the game + 30 seconds per move from move one."]
[WhiteElo "2004"]
[BlackElo "2135"]

1. e4 c5 2. Nf3 g6 3. c3 d5 4. exd5 Qxd5 5. d4 Nc6 6. Be2 Bg7 7. c4 Qd8 8. d5 Nd4 9. Nxd4 cxd4 10.
Nd2 e5 11. O-O Ne7 12. Nb3 O-O 13. f4 e4 14. Nxd4 Qb6 15. Be3 Qxb2 16. Rb1 Qa3 17. Rb3 Qa5 18. Qb1 f5 19. Rd1 Rd8 20.
Kh1 Kh8 21. Nb5 Rg8 22. d6 Nc6 23. d7 Rd8 24. dxc8=Q Raxc8 25. Nd6 Rc7 26. c5 Rdd7 27. Bb5 Rd8 28. Bxc6 bxc6 29.
Nf7+ Rxf7 30. Rxd8+ Qxd8 31. Rb8 Rd7 32. Rxd8+ Rxd8 33. h3 h6 34. Qb7 Rd3 35. Bg1 e3 36. Qxc6 Bd4 37. Qe8+ Kh7 38.
Qd7+ Kg8 39. Bxe3 1-0

[Event "Schack-SM 2024: Mastarklassen"]
[Site "Fortnox Arena, Hejaregatan 5, Vaxjo, Sweden"]
[Date "2024.06.30"]
[Round "2.8"]
[White "Nygren, David"]
[Black "Granath, Jonas"]
[Result "1-0"]
[TimeControl "90 minutes for 40 moves + 30 minutes for the rest of the game + 30 seconds per move from move one."]
[WhiteElo "2132"]
[BlackElo "1948"]

1. Nf3 d5 2. d4 c5 3. e3 cxd4 4. exd4 Nf6 5. Bd3 Bg4 6.
h3 Bh5 7. O-O e6 8. Bf4 Bd6 9. Bxd6 Qxd6 10. Nbd2 O-O 11. Qe1 Nc6 12. c3 Bg6 13. Bxg6 hxg6 14. Ne5 Nd7 15. f4 Ndxe5 16. fxe5 Qd8 17. Qg3 Ne7 18. Rae1 Nf5 19. Qd3 Qg5 20. Rf3 Nh4 21. Rf2 Nf5 22. Nf1 Rae8 23. Kh2 Re7 24. g4 Nh4 25.
Ng3 f5 26. exf6 gxf6 27. c4 f5 28. Re5 Qh6 29. gxf5 gxf5 30. cxd5 f4 31. Ne4 f3 32. Qd2 Qxd2 33. Nxd2 Rg7 34.
dxe6 Rg2+ 35. Rxg2+ fxg2 36. Rg5+ 1-0

[Event "Schack-SM 2024: Mastarklassen"]
[Site "Fortnox Arena, Hejaregatan 5, Vaxjo, Sweden"]
[Date "2024.06.30"]
[Round "2.9"]
[White "Mashhadi, Peyman"]
[Black "Johnson, Daniel"]
[Result "1-0"]
[TimeControl "90 minutes for 40 moves + 30 minutes for the rest of the game + 30 seconds per move from move one."]
[WhiteElo "2116"]
[BlackElo "2126"]

1. e4 e5 2. Nf3 Nc6 3. Bb5 a6 4. Ba4 Nf6 5. d3 d6 6. c4 g6 7. Nc3 Bg7 8. h3 O-O 9. Be3 Nd7 10.
Bg5 f6 11. Be3 Nc5 12. Bxc6 bxc6 13. d4 exd4 14. Nxd4 Qe8 15. O-O Bd7 16. Qc2 f5 17. exf5 Bxf5 18. Nxf5 Rxf5 19. Rad1 Qf7 20.
Ne2 Rf8 21. b4 Ne6 22. Qe4 c5 23. b5 axb5 24. cxb5 Re5 25. Qc2 d5 26. a4 d4 27. Bc1 Qe8 28. Qc4 Kh8 29. f4 Ref5 30.
Ng3 R5f6 31. Rde1 Qf7 32. Ne4 Rf5 33. b6 Qd7 34. Ng3 Rd5 35. b7 d3 36. Bd2 Nd4 37. a5 Ne2+ 38. Kh2 Nxg3 39.
Kxg3 Qd6 40. Re4 Rg5+ 41. Kh2 Rgf5 42. Re6 Qd8 43. a6 Qb8 44. Rfe1 g5 45. Qe4 1-0

[Event "Schack-SM 2024: Mastarklassen"]
[Site "Fortnox Arena, Hejaregatan 5, Vaxjo, Sweden"]
[Date "2024.06.30"]
[Round "2.10"]
[White "Bjorkman, Filip"]
[Black "Karlsson, Jorgen"]
[Result "1-0"]
[TimeControl "90 minutes for 40 moves + 30 minutes for the rest of the game + 30 seconds per move from move one."]
[WhiteElo "2116"]
[BlackElo "2020"]

1. e4 d6 2. d4 Nd7 3. Nf3 e6 4. Bc4 Ne7 5. Bb3 h6 6. O-O Ng6 7. Re1 Be7 8. Nbd2 c5 9. c3 Qc7 10.
a4 b6 11. d5 Nf6 12. dxe6 Bxe6 13. Bxe6 fxe6 14. e5 dxe5 15. Qc2 Kf7 16. Nc4 Bd6 17. Bg5 Rad8 18. Rad1 Qb8 19. Rxd6 Rxd6 20.
Nfxe5+ Nxe5 21. Nxe5+ Ke7 22. Bf4 Rg8 23. Nc6+ Rxc6 24. Bxb8 Rxb8 25. Qg6 Rg8 26. f4 a6 27. g4 Rd6 28.
f5 b5 29. a5 b4 30. h4 bxc3 31. bxc3 Kd8 32. g5 hxg5 33. hxg5 exf5 34. gxf6 Rxf6 35. Qg2 1-0

[Event "Schack-SM 2024: Mastarklassen"]
[Site "Fortnox Arena, Hejaregatan 5, Vaxjo, Sweden"]
[Date "2024.06.30"]
[Round "2.11"]
[White "Landgren, Andreas"]
[Black "Willstedt, Lukas"]
[Result "1/2-1/2"]
[TimeControl "90 minutes for 40 moves + 30 minutes for the rest of the game + 30 seconds per move from move one."]
[WhiteTitle "FM"]
[WhiteElo "2243"]
[BlackElo "2082"]

1. d4 d5 2. c4 dxc4 3. e3 e5 4.
Bxc4 exd4 5. exd4 Nf6 6. Nf3 Bd6 7. Qe2+ Qe7 8. Qxe7+ Bxe7 9. O-O O-O 10. Nc3 c6 11. Re1 Bd6 12.
Bg5 Nbd7 13. Bb3 h6 14. Bh4 Re8 15. Rxe8+ Nxe8 16. Re1 Kf8 17. a3 g5 18. Bg3 Bxg3 19. fxg3 Nb6 20. h4 f6 21.
Rf1 Ke7 22. Re1+ Kf8 23. Rf1 Ke7 24. Re1+ Kf8 1/2-1/2

[Event "Schack-SM 2024: Mastarklassen"]
[Site "Fortnox Arena, Hejaregatan 5, Vaxjo, Sweden"]
[Date "2024.06.30"]
[Round "2.12"]
[White "Dingertz, Erik"]
[Black "Muntean, Victor"]
[Result "0-1"]
[TimeControl "90 minutes for 40 moves + 30 minutes for the rest of the game + 30 seconds per move from move one."]
[WhiteElo "2081"]
[BlackElo "2136"]

1. d4 f5 2. c4 Nf6 3. Nc3 g6 4. Nf3 Bg7 5. g3 d6 6. Bg2 c6 7. O-O O-O 8. Qb3 Qc7 9. Bf4 h6 10.
c5+ Kh7 11. cxd6 exd6 12. Rac1 Qe7 13. d5 c5 14. e4 Nh5 15. Bxd6 Qxd6 16. e5 Qb6 17. Qc4 Bd7 18. Rfd1 Qb4 19.
Qxb4 cxb4 20. Ne2 Re8 21. e6 Bxe6 22. dxe6 Rxe6 23. Nfd4 Re7 24. Rc8 a6 25. Rdc1 Be5 26. f4 Bd6 27.
Rd8 Bc7 28. Rc8 Bd6 29. Bd5 Nf6 30. Bb3 b6 31. Ne6 Raa7 32. N2d4 Nbd7 33. Nc6 Nc5 34. Nxa7 Nxb3 35. axb3 Rxe6 36.
R8c6 Ne4 37. Kg2 Nd2 38. Nc8 Re2+ 39. Kh3 g5 40. fxg5 hxg5 41. Rh1 Nf3 0-1

[Event "Schack-SM 2024: Mastarklassen"]
[Site "Fortnox Arena, Hejaregatan 5, Vaxjo, Sweden"]
[Date "2024.06.30"]
[Round "2.13"]
[White "Ask, Josef"]
[Black "Karlsson, Stefan 2005"]
[Result "0-1"]
[TimeControl "90 minutes for 40 moves + 30 minutes for the rest of the game + 30 seconds per move from move one."]
[WhiteTitle "FM"]
[WhiteElo "2136"]
[BlackElo "2072"]

1. Nf3 Nf6 2. g3 g6 3. Bg2 Bg7 4. c4 O-O 5. Nc3 c5 6. O-O Nc6 7. d3 d5 8. Bg5 dxc4 9. dxc4 Be6 10.
Qa4 Nd7 11. Rfd1 h6 12. Bf4 g5 13. Be3 Bxc3 14. bxc3 Qc7 15. h4 f6 16. Qc2 Kg7 17. Rab1 Rab8 18. Qe4 Nce5 19. hxg5 fxg5 20.
Bxg5 hxg5 21. Nxg5 Bf5 22. Qf4 Rf6 23. Qxf5 Rxf5 24. Ne6+ Kf7 25. Nxc7 Nb6 26. Be4 Rh5 27. Nd5 Nexc4 28. Nf4 Rh6 29. Rb5 Nd6 30. Rxb6 axb6 31. Bd5+ e6 32. Bf3 Ke7 33. Rb1 Nc4 34. Bg2 Ra8 35. Bxb7 Rxa2 36. Bg2 Rc2 37.
Ra1 Rxc3 38. Be4 Nd2 39.
Bc6 Kd6 40. Be8 Ne4 41. Ra7 Nf6 42. Bb5 Rb3 43. Bc4 Rb4 44. Bd3 c4 45. Bg6 e5 46. Rf7 Ng8 47. Rf8 exf4 48. Rxg8 fxg3 49.
fxg3 Rb2 50. Bf5 Rxe2 51. g4 Rh3 52. g5 Ra3 53. Kf1 Rb2 54. Re8 Rf3+ 0-1

[Event "Schack-SM 2024: Mastarklassen"]
[Site "Fortnox Arena, Hejaregatan 5, Vaxjo, Sweden"]
[Date "2024.06.30"]
[Round "2.14"]
[White "Carlstrom, Niklas"]
[Black "Joensson, Oscar"]
[Result "1/2-1/2"]
[TimeControl "90 minutes for 40 moves + 30 minutes for the rest of the game + 30 seconds per move from move one."]
[WhiteElo "2100"]
[BlackElo "1989"]

1. e4 c6 2. Nc3 d5 3. Nf3 dxe4 4. Nxe4 Nf6 5. Qe2 Nxe4 6. Qxe4 Nd7 7. Bc4 Nf6 8. Ne5 e6 9. Qe2 b5 10.
Bd3 Qc7 11. a4 b4 12. b3 Nd5 13. g3 Be7 14. Bb2 Bf6 15. O-O-O Bb7 16. f4 O-O-O 17. Ba6 Kb8 18. Bxb7 Kxb7 19. Qe4 h5 20. h3 g6 21. g4 hxg4 22.
hxg4 Rxh1 23. Rxh1 Rh8 24. Rxh8 Bxh8 25. f5 exf5 26. gxf5 g5 27. Nd3 Bxb2+ 28. Kxb2 Qe7 29. Qc4 Qf6+ 30.
Kb1 Qxf5 31. Nc5+ Kc7 32. Na6+ Kb7 33. Nc5+ Kc7 34. Na6+ Kd7 35. Nb8+ Kc7 1/2-1/2

[Event "Schack-SM 2024: Mastarklassen"]
[Site "Fortnox Arena, Hejaregatan 5, Vaxjo, Sweden"]
[Date "2024.06.30"]
[Round "2.1"]
[White "Joensson, Jacob"]
[Black "Walinder, Lars"]
[Result "0-1"]
[TimeControl "90 minutes for 40 moves + 30 minutes for the rest of the game + 30 seconds per move from move one."]
[BlackTitle "FM"]
[WhiteElo "2068"]
[BlackElo "2233"]

1. d4 Nf6 2. c4 e6 3. Bf4 d5 4. cxd5 exd5 5. e3 Bd6 6. Bxd6 Qxd6 7. Nc3 Bf5 8. Qb3 O-O 9. Nf3 Nbd7 10.
Be2 c6 11. O-O Rab8 12. Rac1 h6 13. Qa4 a6 14. Rfe1 Rfe8 15. Nd2 h5 16. Bf3 Ng4 17. Nf1 h4 18. h3 Ngf6 19. Nd2 Re7 20.
Qa5 Rbe8 21. b4 g5 22. e4 b6 23. Qxa6 dxe4 24. Be2 e3 25. fxe3 Rxe3 26. Nc4 Qxd4 27. Nxe3 Qxe3+ 28. Kh1 Qg3 29.
Rf1 Bxh3 30. Bf3 Ng4 0-1

[Event "Schack-SM 2024: Mastarklassen"]
[Site "Fortnox Arena, Hejaregatan 5, Vaxjo, Sweden"]
[Date "2024.06.30"]
[Round "2.2"]
[White "Mardell, Jimmy"]
[Black "Collett, Peter"]
[Result "1/2-1/2"]
[TimeControl "90 minutes for 40 moves + 30 minutes for the rest of the game + 30 seconds per move from move one."]
[BlackTitle "CM"]
[WhiteElo "2186"]
[BlackElo "2116"]

1. d4 Nf6 2. c4 e6 3. Nc3 Bb4 4. e3 O-O 5. Nge2 d5 6. a3 Bd6 7. Ng3 c5 8. dxc5 Bxc5 9. cxd5 exd5 10.
Bd3 a6 11. O-O Nc6 12. b4 Ba7 13. Bb2 Bg4 14. Nce2 Ne4 15. f3 Nxg3 16. Nxg3 Be6 17. Kh1 Qh4 18. Qe1 Rfe8 19. e4 dxe4 20.
Qxe4 Qxe4 21. Bxe4 g6 22. Rfd1 h5 23. Bf6 Rac8 24. Ne2 Bc4 25. Nf4 Bb8 26. Nd5 Bb3 27. Rd2 Be5 28. Bxe5 Rxe5 29.
Nf6+ Kg7 30. Nd7 Re7 31. Nc5 Bc4 32. Rc1 b5 33. Nxa6 Ra7 34. Nc5 Rxa3 1/2-1/2

[Event "Schack-SM 2024: Mastarklassen"]
[Site "Fortnox Arena, Hejaregatan 5, Vaxjo, Sweden"]
[Date "2024.06.30"]
[Round "2.3"]
[White "Malm, Simon 1995"]
[Black "Sundin, Emanuel"]
[Result "1/2-1/2"]
[TimeControl "90 minutes for 40 moves + 30 minutes for the rest of the game + 30 seconds per move from move one."]
[WhiteElo "1948"]
[BlackElo "2165"]

1. d4 d5 2. c4 e6 3. Nc3 c6 4. e3 f5 5. Nf3 Nf6 6. Bd3 Bd6 7. O-O O-O 8. b3 Ne4 9. Bb2 Nd7 10.
Qe2 b6 11. Rfd1 Bb7 12. cxd5 exd5 13. Rac1 Rc8 14. Ba6 Bxa6 15. Qxa6 Bb8 16. b4 f4 17. Nxe4 dxe4 18. Qc4+ Kh8 19.
Ne5 Qe7 20. exf4 Rxf4 21. g3 Rf6 22. Nxd7 Qxd7 23. d5 Rd6 24. Be5 e3 25. fxe3 b5 26. Qf4 Rf6 27. Qd4 Bxe5 28. Qxe5 Rd6 29.
Rd4 Rh6 30. dxc6 Qh3 31. Rd2 Re6 32. Qd4 Rf6 33. Qxa7 h5 34. Qd7 Qxd7 35. Rxd7 Rcxc6 36. Rxc6 Rxc6 37. Rd5 g6 38. Rxb5 Rc1+ 39.
Kg2 Rc2+ 40. Kf3 Rxa2 41. h4 Kg7 42. Ke4 Rb2 43. Kd4 Kf6 44. e4 Rb3 45. Rb6+ Kg7 46. b5 Rxg3 47. Rc6 g5 48.
Rc5 gxh4 49. Rxh5 h3 50. b6 Rb3 51. Kc5 Kg6 52. Rh8 Kg7 53. Rh4 Kf6 54. Kc6 Rc3+ 55. Kd6 Rd3+ 56. Kc7 Rc3+ 57.
Kb8 Ke5 58. b7 Rb3 59. Rh7 Kxe4 60. Kc8 Kf4 61. Rxh3 Rxh3 62. b8=Q+ Kg4 63. Kd7 Rf3 64. Qg8+ Kh4 65. Ke6 Rg3 66.
Qh7+ Kg4 67. Qf5+ Kh4 68. Kf6 Rf3 69. Qxf3 1/2-1/2

[ePGN "0.1;DGT LiveChess/2.2.6"]

[Event "Schack-SM 2024: Mastarklassen"]
[Site "Fortnox Arena, Hejaregatan 5, Vaxjo, Sweden"]
[Date "2024.06.29"]
[Round "1.1"]
[White "Tuomainen, Felix"]
[Black "Mashhadi, Peyman"]
[Result "1/2-1/2"]
[TimeControl "90 minutes for 40 moves + 30 minutes for the rest of the game + 30 seconds per move from move one."]
[WhiteTitle "FM"]
[WhiteElo "2255"]
[BlackElo "2116"]

1. d4 g6 2. e4 d6 3. Nf3 Nf6 4. Nbd2 Bg7 5. Bc4 O-O 6. Qe2 Nc6 7. h3 d5 8. exd5 Nxd5 9. Nb3 Nb6 10.
Be3 Nxc4 11. Qxc4 Qd6 12. O-O Qb4 13. Qe2 Bf5 14. d5 Na5 15. Nxa5 Qxa5 16. c4 Rfe8 17. Nd4 Bc8 18. Rab1 c6 19.
dxc6 bxc6 20. Nxc6 Qc7 21. Nb4 e6 22. Rfd1 Rb8 23. Nc2 Rxb2 24. Rxb2 Bxb2 25. Nd4 Bxd4 26. Bxd4 Ba6 27. Be5 Qxc4 28.
Qb2 Qe2 29. Qa1 Bb7 30. Re1 Qb5 31. f3 h6 32. Qc1 Kh7 33. Qf4 f5 34. Rc1 Re7 35. Bf6 e5 36. Qe3 Rd7 37. Kh1 g5 38.
Qa3 Kg6 39. Bh8 Qd5 40. Qf8 Qe6 41. Rc5 Qf7 42. Qxf7+ Kxf7 43. Bxe5 Ke6 44. Ra5 Rd1+ 45. Kh2 Rd2 46. Kg1 a6 47.
Bc3 Rc2 48. Bg7 h5 49. Bd4 Rc4 50. Bh8 Rc8 51. Bd4 Rc4 52. Bh8 Rc8 1/2-1/2

[Event "Schack-SM 2024: Mastarklassen"]
[Site "Fortnox Arena, Hejaregatan 5, Vaxjo, Sweden"]
[Date "2024.06.29"]
[Round "1.3"]
[White "Willstedt, Lukas"]
[Black "Mardell, Jimmy"]
[Result "0-1"]
[TimeControl "90 minutes for 40 moves + 30 minutes for the rest of the game + 30 seconds per move from move one."]
[WhiteElo "2082"]
[BlackElo "2186"]

1. d4 d5 2. Nf3 Nf6 3. c4 c6 4. g3 Bf5 5. Qb3 Qc8 6. Nc3 e6 7. Bg2 Be7 8. O-O h6 9. Nd2 O-O 10.
e4 dxe4 11. Ndxe4 Nxe4 12. Nxe4 Rd8 13. Be3 a5 14. Nc3 Nd7 15. Na4 Ra6 16. Rac1 Qb8 17. Bf4 Qa7 18. Rfd1 Bg4 19. f3 e5 20.
fxg4 exf4 21. gxf4 Nf6 22. c5 Qb8 23. Qg3 Nd5 24. Bxd5 Rxd5 25. Nb6 Rd8 26. Qf2 Bf6 27. Rc4 Qc7 28.
Re1 a4 29. h3 Ra5 30. Nxa4 Raa8 31. b3 Re8 32. Rxe8+ Rxe8 33. Nc3 Qe7 34. Kg2 Bh4 35. Qd2 Be1 36. Qc2 Qe3 37. Nd1 Qg3+ 38. Kf1 Qxh3+ 39. Kg1 Qxg4+ 40. Kf1 Qh3+ 41. Kg1 Bh4 42.
Nf2 Re1# 0-1

[Event "Schack-SM 2024: Mastarklassen"]
[Site "Fortnox Arena, Hejaregatan 5, Vaxjo, Sweden"]
[Date "2024.06.29"]
[Round "1.4"]
[White "Walinder, Lars"]
[Black "Carlstrom, Niklas"]
[Result "1-0"]
[TimeControl "90 minutes for 40 moves + 30 minutes for the rest of the game + 30 seconds per move from move one."]
[WhiteTitle "FM"]
[WhiteElo "2233"]
[BlackElo "2100"]

1. c4 e6 2. Nc3 d5 3. e3 Nf6 4. Nf3 c5 5. cxd5 exd5 6. d4 c4 7. Be2 Bb4 8. O-O O-O 9. Bd2 Nc6 10.
Ne5 Re8 11. a3 Bd6 12. f4 Na5 13. Qe1 Nb3 14. Rd1 Bf5 15. g4 Bc2 16. g5 Bxd1 17. Bxd1 Bxe5 18. fxe5 Ne4 19. Nxe4 dxe4 20.
h4 Rc8 21. Bc3 Nc1 22. Bg4 Nd3 23. Qg3 Rc6 24. Bf5 b5 25. Bxe4 Rc8 26. Qf3 Qc7 27. Bd5 Re7 28. h5 Rd8 29.
g6 Rxd5 30. Qxd5 Qc8 31. gxf7+ Kf8 32. Kh2 Rd7 33. Qf3 Qd8 34. e6 Rd5 35. Qxd5 Qh4+ 36. Kg1 Qg3+ 37. Qg2 Qxe3+ 38. Kh1 1-0

[Event "Schack-SM 2024: Mastarklassen"]
[Site "Fortnox Arena, Hejaregatan 5, Vaxjo, Sweden"]
[Date "2024.06.29"]
[Round "1.5"]
[White "Sundin, Emanuel"]
[Black "Dingertz, Erik"]
[Result "1-0"]
[TimeControl "90 minutes for 40 moves + 30 minutes for the rest of the game + 30 seconds per move from move one."]
[WhiteElo "2165"]
[BlackElo "2081"]

1. e4 e5 2. Nf3 Nc6 3. d4 exd4 4. Bc4 Bc5 5. Ng5 Nh6 6. Nxf7 Nxf7 7. Bxf7+ Kxf7 8. Qh5+ g6 9. Qxc5 d5 10.
O-O dxe4 11. c3 Bf5 12. f3 e3 13. cxd4 Qxd4 14. Bxe3 Qxc5 15. Bxc5 b6 16. Bf2 Nb4 17. Nc3 Rad8 18.
g4 Bd3 19. Rfd1 c5 20. Rd2 Ba6 21. Rad1 Rxd2 22. Rxd2 Re8 23. Ne4 Kf8 24. Nxc5 Bb5 25. a3 Re2 26. Rxe2 Bxe2 27. Ne6+ Ke7 28.
Nd4 1-0